cohdb
Replays
Latest Replays
All Replays
Popular Replays
Top Player Replays
Match Explorer
How It Works
Community
CoH3 Stats
Reddit
Sign in to upload your games and track your stats! →
Sign in with Steam
Match 43373566
Unlisted
Match 43373566
Overview
Messages
Build Orders
End
Construct Infanterie Kompanie
Selects Mechanized Battlegroup
Grenadier Squad
MG 42 Machine Gun Team
MG 42 Machine Gun Team
Construct Panzergrenadier Kompanie
MG 42 Machine Gun Team
Grenadier Squad
MrBiggles
[82AD] PaulVmax
Arnie
simranjitsingh713
ira88
[PD] PragerSchinken
Monkey CPU
Commander Z
0
0
Comments
sign in to comment!
No comments posted yet!